General information
- name: BNet
- type: Ladder 1vs1/FFA
- host: Battle.net
- saver: Smada
map: LostTemple
- players: 2
- length: 68:04
- speed: Fast
- version: 1.26 W3XP
- replay type: Public
» download(166 KB)
Players
team 1 (winner)
Smada (
purple | 49 APM | 3332 actions | 68:04)
6 Archmage
2 Blizzard
3 Brilliance Aura
1 Mass Teleport
6 Blood Mage
3 Flame Strike
2 Siphon Mana
1 Summon Phoenix
6 Mountain King
3 Storm Bolt
2 Thunder Clap
1 Avatar
» actions
| Assign group hotkey | 67 | |
| Basic commands | 205 | |
| Build / train | 194 | |
| ESC pressed | 4 | |
| Enter build submenu | 85 | |
| Enter hero's abilities submenu | 18 | |
| Give item / drop item | 10 | |
| Right click | 1037 | |
| Select / deselect | 770 | |
| Select group hotkey | 416 | |
| Use ability | 526 | |
3332 total
» units
| Peasant | 32 | |
| Sorceress | 5 | |
| Goblin Shredder | 3 | |
| Goblin Zeppelin | 1 | |
| Dragonhawk Rider | 3 | |
| Flying Machine | 1 | |
45 total
» upgrades
| Masonry | 3 | |
| Armor | 3 | |
| Swords | 3 | |
| Sorceress Training | 2 | |
| Magic Sentry | 1 | |
| Storm Hammers | 1 | |
| Cloud | 1 | |
| Flak Cannons | 1 | |
| Lumber Harvesting | 2 | |
| Gunpowder | 3 | |
| Plating | 3 | |
| Backpack | 1 | |
| Animal War Training | 1 | |
| Barrage | 1 | |
| Fragmentation Shards | 1 | |
| Flare | 1 | |
28 total
» buildings
| Altar of Kings | 1 | |
| Farm | 13 | |
| Arcane Vault | 1 | |
| Lumber Mill | 2 | |
| Scout Tower | 160 | |
| Arcane Tower | 18 | |
| Town Hall | 8 | |
| Guard Tower | 47 | |
| Keep | 1 | |
| Blacksmith | 2 | |
| Castle | 1 | |
| Arcane Sanctum | 1 | |
| Gryphon Aviary | 3 | |
| Workshop | 1 | |
| Barracks | 3 | |
262 total
» build order
00:10 Altar of Kings
00:30 Farm
00:31 Farm
00:53 Arcane Vault
01:21 Lumber Mill
01:40 Scout Tower
02:01 Scout Tower
02:15 Farm
02:32 Arcane Tower
02:32 Arcane Tower
02:58 Farm
03:35 Farm
03:54 Arcane Tower
04:36 Town Hall
04:41 Scout Tower
04:42 Scout Tower
04:44 Scout Tower
04:46 Scout Tower
04:46 Scout Tower
04:47 Scout Tower
04:59 Farm
05:22 Guard Tower
05:26 Scout Tower
05:27 Scout Tower
05:27 Scout Tower
05:38 Scout Tower
05:39 Scout Tower
05:54 Scout Tower
05:56 Scout Tower
06:18 Guard Tower
06:20 Guard Tower
06:31 Farm
06:36 Guard Tower
07:01 Guard Tower
07:18 Keep
07:56 Scout Tower
07:57 Scout Tower
07:58 Scout Tower
08:25 Scout Tower
08:26 Scout Tower
08:26 Scout Tower
08:31 Arcane Tower
08:34 Guard Tower
08:37 Scout Tower
08:38 Scout Tower
08:58 Blacksmith
09:00 Blacksmith
09:02 Guard Tower
09:03 Scout Tower
09:04 Guard Tower
09:11 Guard Tower
09:15 Scout Tower
09:15 Scout Tower
09:41 Scout Tower
09:42 Scout Tower
09:43 Scout Tower
09:46 Scout Tower
09:47 Scout Tower
09:51 Scout Tower
09:51 Scout Tower
09:52 Scout Tower
09:54 Castle
10:01 Arcane Sanctum
10:04 Guard Tower
11:21 Gryphon Aviary
11:23 Gryphon Aviary
12:13 Farm
12:30 Gryphon Aviary
14:22 Arcane Tower
14:23 Guard Tower
15:45 Guard Tower
18:09 Farm
18:10 Farm
18:11 Farm
18:12 Farm
18:13 Farm
18:13 Workshop
18:15 Barracks
24:02 Town Hall
24:24 Scout Tower
24:24 Scout Tower
24:25 Scout Tower
24:26 Scout Tower
24:26 Scout Tower
24:27 Scout Tower
24:28 Scout Tower
24:29 Scout Tower
25:01 Arcane Tower
25:02 Arcane Tower
25:04 Guard Tower
25:09 Guard Tower
25:09 Guard Tower
25:36 Guard Tower
26:58 Guard Tower
30:32 Town Hall
30:42 Scout Tower
30:42 Scout Tower
30:43 Scout Tower
30:44 Scout Tower
30:44 Scout Tower
30:45 Scout Tower
30:47 Scout Tower
30:48 Scout Tower
30:49 Scout Tower
30:49 Scout Tower
31:17 Arcane Tower
31:24 Arcane Tower
31:26 Guard Tower
31:28 Guard Tower
31:40 Arcane Tower
31:56 Guard Tower
38:34 Lumber Mill
39:25 Scout Tower
39:26 Scout Tower
39:27 Scout Tower
39:29 Scout Tower
39:30 Scout Tower
39:33 Scout Tower
39:37 Scout Tower
39:40 Scout Tower
39:43 Scout Tower
39:49 Scout Tower
39:51 Scout Tower
39:53 Scout Tower
39:54 Scout Tower
39:55 Scout Tower
39:59 Scout Tower
40:00 Scout Tower
40:02 Scout Tower
40:02 Scout Tower
40:03 Scout Tower
40:32 Arcane Tower
40:35 Arcane Tower
40:36 Guard Tower
40:40 Arcane Tower
41:08 Guard Tower
41:12 Scout Tower
41:13 Scout Tower
41:13 Scout Tower
41:14 Scout Tower
41:22 Scout Tower
41:23 Scout Tower
41:24 Scout Tower
41:25 Scout Tower
41:26 Scout Tower
41:27 Scout Tower
41:28 Scout Tower
41:30 Guard Tower
42:49 Town Hall
43:13 Scout Tower
43:13 Scout Tower
43:14 Scout Tower
43:15 Scout Tower
43:15 Scout Tower
43:16 Scout Tower
43:17 Scout Tower
43:17 Scout Tower
43:18 Scout Tower
43:19 Scout Tower
43:20 Scout Tower
43:21 Scout Tower
44:14 Guard Tower
44:19 Scout Tower
44:21 Scout Tower
44:24 Town Hall
44:28 Guard Tower
44:42 Scout Tower
44:44 Scout Tower
44:44 Scout Tower
44:45 Scout Tower
44:50 Scout Tower
44:51 Scout Tower
45:05 Guard Tower
45:24 Barracks
45:27 Barracks
45:30 Guard Tower
45:34 Scout Tower
45:35 Scout Tower
45:43 Scout Tower
45:44 Scout Tower
45:45 Scout Tower
45:45 Scout Tower
45:46 Scout Tower
45:50 Scout Tower
45:53 Scout Tower
46:32 Guard Tower
46:38 Guard Tower
47:09 Guard Tower
47:12 Guard Tower
47:15 Guard Tower
48:07 Town Hall
48:29 Scout Tower
48:30 Scout Tower
48:30 Scout Tower
48:31 Scout Tower
48:32 Scout Tower
48:32 Scout Tower
48:34 Scout Tower
48:34 Scout Tower
48:57 Arcane Tower
49:07 Guard Tower
49:13 Guard Tower
49:15 Arcane Tower
49:18 Scout Tower
49:19 Scout Tower
49:20 Scout Tower
49:20 Scout Tower
49:25 Guard Tower
49:27 Guard Tower
49:55 Guard Tower
51:04 Guard Tower
51:11 Scout Tower
51:12 Scout Tower
51:13 Scout Tower
51:14 Scout Tower
51:16 Scout Tower
51:16 Scout Tower
52:34 Guard Tower
54:10 Arcane Tower
54:11 Guard Tower
54:15 Guard Tower
54:16 Scout Tower
54:17 Scout Tower
54:20 Scout Tower
54:21 Scout Tower
54:21 Scout Tower
54:22 Scout Tower
54:23 Scout Tower
54:23 Scout Tower
54:24 Scout Tower
54:25 Scout Tower
54:26 Scout Tower
54:27 Scout Tower
54:28 Scout Tower
54:29 Scout Tower
54:30 Scout Tower
54:32 Scout Tower
54:32 Scout Tower
54:33 Scout Tower
54:34 Scout Tower
54:45 Town Hall
55:48 Guard Tower
56:30 Town Hall
56:34 Scout Tower
56:35 Scout Tower
56:36 Scout Tower
56:37 Scout Tower
56:39 Scout Tower
56:40 Scout Tower
56:40 Scout Tower
56:42 Scout Tower
56:42 Scout Tower
56:43 Scout Tower
56:44 Scout Tower
56:45 Scout Tower
57:31 Guard Tower
57:35 Guard Tower
58:06 Arcane Tower
58:08 Guard Tower
58:15 Guard Tower
58:17 Guard Tower
59:05 Arcane Tower
» items
| Mechanical Critter | 2 | |
| Lesser Clarity Potion | 5 | |
| Scroll of Regeneration | 5 | |
| Scroll of Town Portal | 4 | |
| Staff of Sanctuary | 3 | |
| Potion of Healing | 4 | |
| Potion of Mana | 2 | |
| Boots of Speed | 2 | |
| Periapt of Vitality | 1 | |
| Staff of Teleportation | 1 | |
| Potion of Lesser Invulnerability | 1 | |
| Orb of Fire | 1 | |
| Potion of Invisibility | 1 | |
| Dust of Appearance | 1 | |
33 total
team 2 (loser)
B4D4SSMFer (
red | 20 APM | 1369 actions | 68:02)
5 Demon Hunter
2 Immolation
2 Mana Burn
1 Evasion
» actions
| Assign group hotkey | 26 | |
| Basic commands | 3 | |
| Build / train | 128 | |
| Enter build submenu | 29 | |
| Enter hero's abilities submenu | 6 | |
| Remove unit from queue | 2 | |
| Right click | 750 | |
| Select / deselect | 304 | |
| Select group hotkey | 54 | |
| Use ability | 67 | |
1369 total
» units
| Wisp | 40 | |
| Archer | 13 | |
| Huntress | 9 | |
| Hippogryph | 9 | |
| Druid of the Claw | 8 | |
| Chimaera | 14 | |
| Faerie Dragon | 5 | |
98 total
» upgrades
| Moon Armor | 1 | |
| Strength of the Wild | 3 | |
| Reinforced Hides | 1 | |
| Sentinel | 1 | |
| Improved Bows | 1 | |
| Vorpal Blades | 1 | |
| Hippogryph Taming | 1 | |
| Druid of the Claw Training | 2 | |
| Mark of the Claw | 1 | |
| Corrosive Breath | 1 | |
| Nature's Blessing | 1 | |
| Backpack | 1 | |
| Resistant Skin | 1 | |
| Hardened Skin | 1 | |
17 total
» buildings
| Moon Well | 9 | |
| Altar of Elders | 1 | |
| Ancient of War | 1 | |
| Hunter's Hall | 1 | |
| Ancient Protector | 1 | |
| Tree of Ages | 1 | |
| Tree of Life | 6 | |
| Ancient of Wind | 1 | |
| Ancient of Lore | 1 | |
| Tree of Eternity | 1 | |
| Chimaera Roost | 2 | |
| Ancient of Wonders | 1 | |
26 total
» build order
00:44 Moon Well
00:59 Altar of Elders
01:30 Moon Well
02:00 Ancient of War
02:39 Hunter's Hall
03:34 Moon Well
03:56 Ancient Protector
07:06 Tree of Ages
11:10 Moon Well
11:18 Moon Well
12:19 Tree of Life
12:47 Ancient of Wind
12:58 Ancient of Lore
21:08 Tree of Life
22:47 Tree of Life
23:49 Tree of Eternity
27:17 Tree of Life
29:29 Tree of Life
34:24 Moon Well
34:28 Moon Well
36:43 Chimaera Roost
36:48 Moon Well
37:46 Chimaera Roost
38:34 Ancient of Wonders
54:14 Moon Well
54:39 Tree of Life
» items
| Boots of Speed | 1 | |
| Scroll of Healing | 2 | |
3 total
Chat log
(22:26 / All) Smada: hey mr mfer
(22:35 / All) Smada: (if i may call you that)
(22:39 / All) Smada: you left your immolation on
(23:31 / All) Smada: so how did you get the name "bad ass mfer" anway?
(23:55 / All) Smada: you and your mother pretty close?
(24:39 / All) Smada: are you from kentucky by any chance?
(25:22 / All) Smada: thanks for the periapt
(25:27 / All) Smada: i left you a consolation prize
(27:26 / All) Smada: :P
(28:36 / All) Smada: fine you cant have the item then
(31:09 / All) Smada: why do you keep building in the same spot
(31:12 / All) Smada: mr badass?
(31:33 / All) Smada: what do you expect to happen?
(33:32 / All) Smada: ooh bears
(33:37 / All) Smada: big bears
(33:46 / All) Smada: uselessly wasting mana by running around in bear form
(35:26 / All) Smada: aww
(35:40 / All) Smada: hoped you could make it work
(35:46 / All) Smada: hey
(35:46 / All) Smada: hey
(35:47 / All) Smada: hey
(35:49 / All) Smada: your immolation
(35:49 / All) Smada: itsn o
(35:52 / All) Smada: its on man
(36:31 / All) Smada: TEH BEARZ
(36:36 / All) Smada: THEY R DYEING
(36:53 / All) Smada: do you leave games when you get angry, mr motherfucker?
(37:26 / All) Smada: psst
(37:31 / All) Smada: you want to make chimeras
(37:43 / All) Smada: i let you have plenty of gold
(37:46 / All) Smada: where's your roost?
(37:54 / All) Smada: there we go
(40:49 / All) Smada: thats not how to use those
(43:02 / All) Smada: how are those chimaeras coming?
(43:32 / All) Smada: not so good?
(43:47 / All) Smada: oh noes
(43:53 / All) Smada: SEND THE BEARS AFTER THEM
(43:57 / All) Smada: THEY CANT FLY BUT MAYBE ITLL HELP
(44:05 / All) Smada: here comes the ragequit...
(44:57 / All) Smada: damn youre such a badass
(45:01 / All) Smada: did you ever do time in prison?
(46:08 / All) Smada: youre trying the same thing
(46:12 / All) Smada: chimeras with no air support
(46:14 / All) Smada: really?
(46:28 / All) Smada: do you seriously realize how stupid that is?
(47:52 / All) Smada: CHIMERAS ON THE MOVE
(48:21 / All) Smada: that gold mine is almost empty
(48:24 / All) Smada: you better hit it soon
(52:18 / All) Smada: only 3 mines left
(52:21 / All) Smada: you better get one
(52:56 / All) Smada: BAAD idea
(53:15 / All) Smada: LEAVE
(53:19 / All) Smada: RAGEQUIT
(53:21 / All) Smada: INCOMING
(53:33 / All) Smada: you know
(53:38 / All) Smada: you went through all of that
(53:44 / All) Smada: to take a gold mine that had 100 gold left in it?
(55:06 / All) Smada: you actually killed a sorceress during all of that
(55:10 / All) Smada: i guess congratulations are in order
(56:06 / All) Smada: youre trying another chimerarun
(56:08 / All) Smada: really?
(56:15 / All) Smada: the upkeep...
(57:10 / All) Smada: you just sent chimeras
(57:11 / All) Smada: alone
(57:15 / All) Smada: not smart.
(57:28 / All) Smada: then again youre too badass to worry about things like smart decisions
(57:57 / All) Smada: you really spend this much time on a brand new smurf account?
(58:00 / All) Smada: thats hilarious
(60:54 / All) B4D4SSMFer: For your information this is my first time playing this my brother left it open and i was bored so fuck off asshole
(60:58 / All) Smada: LOL U MAD
(61:14 / All) Smada: Someone's mad :)
(61:21 / All) B4D4SSMFer: NO just annoyed by you
(61:26 / All) Smada: they always deny
(61:28 / All) Smada: and make excuses
(61:41 / All) Smada: so who calls himself the "bad ass mfer"
(61:44 / All) Smada: you or your brother?
(62:02 / All) B4D4SSMFer: My brother im his little sister
(62:03 / All) Smada: im curious which one of you is closer to your mother
(62:08 / All) Smada: oh
(62:18 / All) Smada: you know he's sniffing your panties too right?
(62:25 / All) Smada: all brothers do it to younger sisters
(62:35 / All) Smada: perfectly natural, nothing to worry about
(62:45 / All) B4D4SSMFer: wow your pretty damn gross
(62:51 / All) Smada: im just telling you the truth
(63:03 / All) Smada: so you know what it means when you find him making awkward excuses
(63:26 / All) Smada: such as pretending to be his own little sister when he loses a warcraft ame
(63:27 / All) Smada: game
(63:34 / All) B4D4SSMFer: Its funny how you talk about people you dont know
(63:34 / All) Smada: you know lame excuses like that
(64:12 / All) B4D4SSMFer: Thats pretty dame funny dont think im me well find me on facebook bitch gummybear181992@yahoo.com
(64:35 / All) Smada: im sure its someone you want me to annoy for you
(64:41 / All) Smada: but that does sound fun
(64:51 / All) Smada: maybe some rape as an added benefit, meh i'm in
(65:17 / All) B4D4SSMFer: thats fucked up dude that is me your talking about
(65:26 / All) Smada: had plenty of rape this game already
(65:44 / All) Smada: but i cant turn down a lil more :)
(66:50 / Specific player) B4D4SSMFer: You know its pretty funny how you think this really bothers me its a fucking game dude get a life ok
(66:59 / All) Smada: you know its funny that you didnt simply leave
(67:06 / All) Smada: if it didnt bother you
(67:10 / All) Smada: qed